 Dungeon Crawl Stone Soup version 0.22.1-1-ga44c0e56f4 (webtiles) character file.

85 Anatei the Insei (level 4, -6/38 HPs)
             Began as a Deep Dwarf Transmuter on Oct 2, 2018.
             Mangled by Menkaure (18 damage)
             ... on level 4 of the Dungeon.
             The game lasted 00:12:38 (3298 turns).

Anatei the Insei (Deep Dwarf Transmuter)            Turns: 3298, Time: 00:12:39

Health: -6/38      AC:  2    Str: 13    XL:     4   Next: 25%
Magic:  1/7        EV: 21    Int: 14    God:
Gold:   200        SH:  3    Dex: 19    Spells: 1/7 levels left

rFire    . . .     SeeInvis .     - Unarmed
rCold    . . .     Gourm    .   (shield currently unavailable)
rNeg     . . .     Faith    .   (armour currently unavailable)
rPois    x         Spirit   .   (helmet currently unavailable)
rElec    .         Reflect  +   (cloak currently unavailable)
rCorr    .         Harm     .   (gloves currently unavailable)
MR       .....                  (boots currently unavailable)
Stlth    ++........             l - +3 amulet of reflection
HPRegen  0.00/turn              o - ring of fire
MPRegen  0.10/turn              i - ring of ice

@: spider-form (expiring), very slightly contaminated, non-regenerating
A: tiny, damage resistance, heal wounds, sense surroundings 1, no regeneration
a: Heal Wounds, End Transformation


You were on level 4 of the Dungeon.
You were not hungry.
You were a venomous arachnid creature.
You visited 1 branch of the dungeon, and saw 4 of its levels.

You collected 200 gold pieces.

Inventory:

Hand Weapons
 k - a +0 club
 m - a +0 dagger of speed (melded)
Missiles
 a - 22 arrows
Armour
 b - a +2 robe (melded)
 e - a +0 pair of boots (melded)
Jewellery
 i - a ring of ice (right front leg)
 l - a +3 amulet of reflection (around neck)
 o - a ring of fire (left front leg)
Scrolls
 c - a scroll of identify {unknown}
 f - a scroll of teleportation
 h - a scroll of remove curse
Potions
 g - a potion of might
 j - a potion of degeneration {unknown}
Comestibles
 d - 3 rations


   Skills:
 + Level 1.3 Fighting
 + Level 0.6 Maces & Flails
 + Level 2.6 Dodging
 + Level 0.6 Stealth
 + Level 3.5 Unarmed Combat
 + Level 2.2 Spellcasting
 + Level 2.1 Transmutations
 + Level 0.2 Poison Magic


You had one spell level left.
You knew the following spells:

 Your Spells              Type           Power        Failure   Level  Hunger
a - Beastly Appendage     Tmut           #.....       24%         1    #......
b - Sticks to Snakes      Tmut           #.......     32%         2    ###....
c - Spider Form           Tmut/Pois      #.........   61%         3    ###....

Your spell library contained the following spells:

 Spells                   Type           Power        Failure   Level  Hunger
 Ice Form                 Ice/Tmut       #.......     94%         4    #####..
 Blade Hands              Tmut           #.........   99%         5    ######.


Dungeon Overview and Level Annotations

Branches:
Dungeon (4/15)
 Temple: D:4-7

Altars:
The Shining One

Annotations:
D:4 Menkaure


Innate Abilities, Weirdness & Mutations

You are resistant to damage.
You can heal yourself by infusing magical energy.
You passively map a small area around you.
You do not regenerate.


Message History

You barely miss Menkaure. You block Menkaure's attack.
You bite Menkaure!
Menkaure is moderately damaged.
Your transformation is almost over.
Menkaure misses you.
You hit Menkaure.
Menkaure is moderately damaged.
Menkaure calls on the powers of darkness!
Your body is wracked with pain!
You hit Menkaure.
Menkaure is heavily damaged.
Menkaure barely misses you.
You hit Menkaure.
Menkaure is severely damaged.
Menkaure calls on the powers of darkness!
Your body is wracked with pain!
You barely miss Menkaure.
Menkaure is severely damaged.
Menkaure hits you!!
You die...

##.....## * #
##.......## #.#.#.#
####......<..# #.. ..#
* *
...'.........+,......,,
.###.........# #.... #
.# ##.......##
#.#.#.#.# * .#
##.>.<.## #.......# *
.# ##...## #M......# ,
, .# ##+## #s# * , .#
#.# #.# * ## #.# #.# *,
, ##.## #.# * * ##...##
#.# * ### #..... #.#
..# *#...* ##.# #.##
#.######..#
...#####......._.#


You could see Menkaure.

Vanquished Creatures
  2 adders (D:2)
  An ooze (D:1)
  A worm (D:3)
  3 leopard geckos
  6 bats
  2 giant cockroaches (D:1)
  3 goblins
  12 hobgoblins
  4 kobolds
  A quokka (D:2)
  2 frilled lizards
  7 rats
44 creatures vanquished.

Vanquished Creatures (collateral kills)
  An adder (D:2)
  A goblin (D:1)
  A frilled lizard (D:1)
  2 rats
5 creatures vanquished.

Grand Total: 49 creatures vanquished

Notes
Turn   | Place    | Note
-------+----------+-------------------------------------------
     0 | D:1      | Anatei the Deep Dwarf Transmuter began the quest for the
                  | Orb.
     0 | D:1      | Reached XP level 1. HP: 16/16 MP: 3/3
   216 | D:1      | Reached skill level 3 in Unarmed Combat
   216 | D:1      | Reached XP level 2. HP: 16/24 MP: 4/4
   915 | D:1      | Learned a level 2 spell: Sticks to Snakes
  1657 | D:2      | Reached XP level 3. HP: 13/30 MP: 2/5
  1749 | D:2      | Reached skill level 1 in Fighting
  1817 | D:2      | Learned a level 3 spell: Spider Form
  2199 | D:2      | Reached XP level 4. HP: 13/38 MP: 1/7
  3274 | D:4      | Found a glowing golden altar of the Shining One.
  3287 | D:4      | Noticed Menkaure
  3298 | D:4      | Mangled by Menkaure

Skill      XL: |  1  2  3 |
---------------+----------+-----
Unarmed Combat | 3 |  3.5
Transmutations | 2 |  2.1
Fighting       | 1 |  1.3
Spellcasting   | 2 |  2.2
Maces & Flails | |  0.6
Dodging        | |  2.6
Stealth        | |  0.6
Poison Magic   | |  0.2

Action                   |  1- 3 |  4- 6 || total
-------------------------+-------+-------++-------
Melee: Unarmed           |    68 |    10 ||    78
       Punch             |     2 |       ||     2
       Club              |    77 |       ||    77
       Dagger            |       |    53 ||    53
 Cast: Beastly Appendage |    10 |       ||    10
       Sticks to Snakes  |     8 |     5 ||    13
       Spider Form       |     3 |     3 ||     6
  Use: Potion            |     3 |     4 ||     7
       Scroll            |       |     5 ||     5
 Stab: Sleeping          |     1 |     2 ||     3
  Eat: Chunk             |     2 |       ||     2
       Ration            |     1 |     2 ||     3
Armor: Robe              |    32 |     2 ||    34
       Skin              |     1 |     3 ||     4
Dodge: Dodged            |   123 |    22 ||   145
Block: Other             |     1 |     9 ||    10
